 Dungeon Crawl Stone Soup version 0.23-a0-767-gdc19b93 (webtiles) character file.

216 Hydrazoo the Chiller (level 5, 15/34 HPs)
             Began as an Octopode Ice Elementalist on Jan 19, 2019.
             Quit the game on level 3 of the Dungeon.
             The game lasted 00:08:35 (4058 turns).

Hydrazoo the Chiller (Octopode Ice Elementalist)    Turns: 4058, Time: 00:08:36

Health: 15/34      AC:  1    Str:  8    XL:     5   Next: 93%
Magic:  3/9        EV: 13    Int: 18    God:
Gold:   152        SH:  0    Dex: 12    Spells: 3/10 levels left

rFire    . . .     SeeInvis .   d - +0 dagger
rCold    . . .     Gourm    .   (no shield)
rNeg     . . .     Faith    .   (helmet restricted)
rPois    +         Spirit   .   (no amulet)
rElec    .         Reflect  .   m - ring of poison resistance
rCorr    .         Harm     .   (no ring)
MR       .....                  (no ring)
Stlth    +++.......             (no ring)
HPRegen  0.11/turn              (no ring)
MPRegen  0.11/turn              (no ring)
                                (no ring)
                                (no ring)

@: no status effects
A: almost no armour, stealthy swim, amphibious, 8 rings, constrict 8, camouflage
1, gelatinous body 1
a: no special abilities


You were on level 3 of the Dungeon.
You were not hungry.

You visited 1 branch of the dungeon, and saw 4 of its levels.

You collected 152 gold pieces.

Inventory:

Hand Weapons
 d - a +0 dagger (weapon)
Armour
 r - a +0 buckler
Jewellery
 m - a ring of poison resistance (left tentacle)
Wands
 o - a wand of enslavement (6)
Scrolls
 a - 3 scrolls of immolation {unknown}
 c - 2 scrolls of identify {unknown}
 f - 2 scrolls of noise {unknown}
 h - 2 scrolls of remove curse {unknown}
 i - a scroll of teleportation {unknown}
 j - a scroll of amnesia {unknown}
 q - a scroll of magic mapping {unknown}
Potions
 e - a potion of brilliance {unknown}
 g - a potion of magic {unknown}
 k - a potion of flight {unknown}
 l - a potion of agility {unknown}
 n - a potion of haste {unknown}
 p - 2 potions of curing {unknown}
 s - a potion of berserk rage {unknown}
Comestibles
 b - 3 rations


   Skills:
 + Level 2.0 Fighting
 - Level 2.0 Dodging
 - Level 2.6 Stealth
 + Level 3.0 Spellcasting
 * Level 3.1 Conjurations
 * Level 4.3 Ice Magic


You had 3 spell levels left.
You knew the following spells:

 Your Spells              Type           Power        Failure   Level  Hunger
a - Freeze                Ice            ###.         2%          1    None
b - Throw Frost           Conj/Ice       ###...       5%          2    ##.....
c - Throw Icicle          Conj/Ice       ###.....     34%         4    ####...

Your spell library contained the following spells:

 Spells                   Type           Power        Failure   Level  Hunger
 Ozocubu's Armour         Chrm/Ice       ##......     21%         3    ###....
 Summon Ice Beast         Ice/Summ       ##......     54%         4    ####...


Dungeon Overview and Level Annotations

Branches:
Dungeon (4/15)
 Temple: D:4-7

Altars:
Kikubaaqudgha
Nemelex Xobeh
Wu Jian


Innate Abilities, Weirdness & Mutations

You cannot wear most types of armour.
You are very stealthy in the water. (Stealth+)
You are amphibious.
You can wear up to eight rings at the same time.
You can use your tentacles to constrict eight enemies at once.
Your skin changes colour to match your surroundings (Stealth+).
Your rubbery body absorbs attacks. (AC +1, EV +1)


Message History

The orc is moderately wounded.
The jackal skeleton bites you.
The orc hits you from afar with a +0 trident.
The jackal skeleton misses you. The orc closely misses you.
The jackal skeleton closely misses you.
You climb upwards.
There is a stone staircase leading down, spattered with blood here.
Casting: Throw Frost (safe; 5% risk of failure)
Confirm with . or Enter, or press ? or * to list all spells.
Aiming: Freeze (safe; 2% risk of failure)
Press: ? - help, Shift-Dir - straight line, f - orc
Aim: an orc, wielding a +0 club and wearing a +0 scale mail You freeze the orc.
You kill the orc!
There isn't anything here!
Things that are here:
a +0 club; a +0 scale mail; an orc corpse Quiver which item? (- for none, * to show all) (? for menu, Esc to quit)
Okay, then.
Are you sure you want to abandon this character and quit the game? (Confirm with "yes".)

######.........#....)######.##...
#####...######.....#.....##.<#...
.......## ###...##...###.........
......#####...........#####.....#
...######(..#..).......# #....##
.....................#.## #....#
......#.............[#..###....#
..........#.#........#.........#
............#...@)...#.........#
..................>..#.........#
.......#.###...#######.........#
......##.# ###.## #.......[.#
......##.# #..######.........#
.........# ##.##.............#
.......### #....#############
(#.##### ###...####### ##.#
#.[.......##


There were no monsters in sight!

Vanquished Creatures
  An orc priest (D:4)
  A worker ant (D:3)
  2 adders (D:2)
  3 gnolls (D:2)
  2 oozes
  4 worms
  A dart slug (D:2)
  2 leopard geckos
  6 orcs
  8 bats
  9 giant cockroaches
  5 hobgoblins
  9 jackals
  3 quokkas
  4 frilled lizards
  7 goblins
  7 kobolds
  11 rats
85 creatures vanquished.

Notes
Turn   | Place    | Note
-------+----------+-------------------------------------------
     0 | D:1      | Hydrazoo the Octopode Ice Elementalist began the quest for
                  | the Orb.
     0 | D:1      | Reached XP level 1. HP: 11/11 MP: 3/3
     8 | D:1      | Noticed a minotaur skeleton
    16 | D:1      | Noticed a minotaur skeleton
   203 | D:1      | Reached XP level 2. HP: 16/18 MP: 5/5
   333 | D:1      | Learned a level 2 spell: Throw Frost
   363 | D:1      | Found a sparkling altar of Nemelex Xobeh.
   583 | D:1      | Reached XP level 3. HP: 19/22 MP: 1/6
   594 | D:1      | Reached skill level 1 in Fighting
  1634 | D:2      | Reached XP level 4. HP: 25/28 MP: 4/7
  1710 | D:2      | Learned a level 4 spell: Throw Icicle
  1996 | D:2      | Found an ancient bone altar of Kikubaaqudgha.
  2132 | D:2      | Found an ornate altar of the Wu Jian Council.
  2497 | D:2      | Reached skill level 4 in Ice Magic
  2499 | D:2      | Reached XP level 5. HP: 20/33 MP: 1/9
  4058 | D:3      | Quit the game

Vault maps used:
D:1:      shiori_arrival_whats_in_store_for_you, nemelex_diamond_rough_becter
D:2:      marbit_many_paths, nicolae_overflow_hidden_temple
D:3:      first_ration
D:4:      grunt_temple_overflow_open

Skill      XL: |  1  2  3  4  5 |
---------------+----------------+-----
Fighting       | 1 2 |  2.0
Conjurations   | 2 3 |  3.1
Ice Magic      | 4 |  4.3
Spellcasting   | 3 |  3.0
Dodging        | |  2.0
Stealth        | |  2.6

Action                   |  1- 3 |  4- 6 || total
-------------------------+-------+-------++-------
Melee: Unarmed           |    16 |       ||    16
       Constrict         |    23 |    19 ||    42
       Dagger            |    60 |    65 ||   125
       Tentacles         |    11 |    11 ||    22
 Cast: Freeze            |    15 |    37 ||    52
       Throw Frost       |     8 |    14 ||    22
 Stab: Sleeping          |     3 |     8 ||    11
       Distracted        |       |     1 ||     1
  Eat: Chunk             |     2 |     6 ||     8
       Ration            |       |     1 ||     1
Armor: Skin              |     5 |     7 ||    12
Dodge: Dodged            |    53 |    76 ||   129

Table legend:
 A = Non-vault XP
 B = Vault XP
 C = Vault XP percentage of total XP
 D = Non-vault monster count
 E = Vault monster count
 F = Vault count percentage of total count
                 A         B        C        D         E       F
            +---------+---------+-------+---------+---------+-------
      Total |     308 |       1 |   0.3 |      84 |       1 |   1.2
            +---------+---------+-------+---------+---------+-------
        D:1 |      43 |       0 |   0.0 |      26 |       0 |   0.0
        D:2 |     121 |       1 |   0.8 |      28 |       1 |   3.4
        D:3 |      87 |       0 |   0.0 |      24 |       0 |   0.0
        D:4 |      57 |       0 |   0.0 |       6 |       0 |   0.0
            +---------+---------+-------+---------+---------+-------
